TOP OF THE 1ST |
Albuquerque Isotopes batting - Pitching for Santa Monica Bruins : RHP Rafael Blanco
|
Pitching: RHP Rafael Blanco
|
|
Batting: RHB Alfonso Huertas
|
0-0: Called Strike 0-1: Ball 1-1: Called Strike 1-2: Ball 2-2: Ball 3-2: Base on Balls
|
Batting: RHB Juan Vareas
|
0-0: Ball 1-0: Called Strike 1-1: Ball 2-1: Foul Ball, location: 2F 2-2: Fly out, F7 (Flyball, 78D)
|
Batting: LHB Mark Vestal
|
0-0: Ball 1-0: Ball Throwing error on steal attempt, E2 Alfonso Huertas to third 2-0: Called Strike 2-1: Ball 3-1: Base on Balls
|
Batting: LHB Bernardo Montés
|
0-0: Called Strike 0-1: Called Strike 0-2: Strikes out swinging
|
Batting: RHB Arturo García
|
0-0: Ball 1-0: Ball 2-0: Called Strike 2-1: Fly out, F7 (Flyball, 7D)
|
Top of the 1st over - 0 run(s), 0 hit(s), 1 error(s), 2 left on base; Albuquerque 0 - Santa Monica 0 |
BOTTOM OF THE 1ST |
Santa Monica Bruins batting - Pitching for Albuquerque Isotopes : RHP Mark Sanders
|
Pitching: RHP Mark Sanders
|
|
Batting: LHB Jeffrey Satterley
|
0-0: Ball 1-0: Swinging Strike 1-1: Ball 2-1: Ball 3-1: Called Strike 3-2: Foul Ball, location: 2F 3-2: Foul Ball, location: 2F 3-2: SINGLE (Line Drive, 8LS)
|
Batting: LHB Patrick Osborne
|
0-0: Ball 1-0: Called Strike 1-1: Foul Ball, location: 2F 1-2: Ball 2-2: Foul Ball, location: 2F 2-2: Ball 3-2: Strikes out swinging Jeffrey Satterley steals 2nd base Batter strikes out.
|
Batting: LHB Ray Bryant
|
0-0: Ball 1-0: Ball 2-0: Called Strike 2-1: Called Strike 2-2: 2-RUN HOME RUN (Flyball, 89XD), Distance : 408 ft
|
Batting: LHB Jeffrey Bascombe
|
0-0: Foul Ball, location: 2F 0-1: Called Strike 0-2: Strikes out swinging
|
Batting: RHB Luis Martínez
|
0-0: Fly out, F7 (Line Drive, 78M)
|
Bottom of the 1st over - 2 run(s), 2 hit(s), 0 error(s), 0 left on base; Albuquerque 0 - Santa Monica 2 |
TOP OF THE 2ND |
Albuquerque Isotopes batting - Pitching for Santa Monica Bruins : RHP Rafael Blanco
|
Batting: RHB Juan Alberto
|
0-0: Called Strike 0-1: Ball 1-1: Ball 2-1: Fly out, F9 (Flyball, 89S)
|
Batting: LHB Fernando Ortíz
|
0-0: Fly out, F9 (Line Drive, 89M)
|
Batting: RHB Luis Martínez
|
0-0: Ball 1-0: Ball 2-0: Called Strike 2-1: Called Strike 2-2: Strikes out swinging
|
Top of the 2nd over - 0 run(s), 0 hit(s), 0 error(s), 0 left on base; Albuquerque 0 - Santa Monica 2 |
BOTTOM OF THE 2ND |
Santa Monica Bruins batting - Pitching for Albuquerque Isotopes : RHP Mark Sanders
|
Batting: LHB Noriaki Sangi
|
0-0: Ball 1-0: Foul Ball, location: 2F 1-1: Foul Ball, location: 2F 1-2: Ground out 3-1 (Groundball, 3L)
|
Batting: RHB Griswold Coleman
|
0-0: Ball 1-0: Ball 2-0: Swinging Strike 2-1: Foul Ball, location: 2F 2-2: Strikes out swinging
|
Batting: LHB Francisco Marino
|
0-0: Called Strike 0-1: Ball 1-1: Ball 2-1: Foul Ball, location: 2F 2-2: Foul Ball, location: 2F 2-2: Foul Ball, location: 2F 2-2: DOUBLE (Line Drive, 3D)
|
Batting: RHB Justin Burgess
|
0-0: Called Strike 0-1: Swinging Strike 0-2: Ground out 4-3 (Groundball, 4)
|
Bottom of the 2nd over - 0 run(s), 1 hit(s), 0 error(s), 1 left on base; Albuquerque 0 - Santa Monica 2 |
TOP OF THE 3RD |
Albuquerque Isotopes batting - Pitching for Santa Monica Bruins : RHP Rafael Blanco
|
Batting: LHB António De Los Ángeles
|
0-0: Swinging Strike 0-1: Foul Ball, location: 2F 0-2: Ball 1-2: Strikes out swinging
|
Batting: RHB Alfonso Huertas
|
0-0: Foul Ball, location: 2F 0-1: Fly out, F7 (Flyball, 7M)
|
Batting: RHB Juan Vareas
|
0-0: Ball 1-0: Ground out 6-3 (Groundball, 6S)
|
Top of the 3rd over - 0 run(s), 0 hit(s), 0 error(s), 0 left on base; Albuquerque 0 - Santa Monica 2 |
BOTTOM OF THE 3RD |
Santa Monica Bruins batting - Pitching for Albuquerque Isotopes : RHP Mark Sanders
|
Batting: LHB Jeffrey Satterley
|
0-0: Foul Ball, location: 2F 0-1: Ball 1-1: Called Strike 1-2: Foul Ball, location: 2F 1-2: Ball 2-2: SINGLE (Groundball, 4MD)
|
Batting: LHB Patrick Osborne
|
0-0: Swinging Strike 0-1: Called Strike 0-2: Ball 1-2: Strikes out looking
|
Batting: LHB Ray Bryant
|
0-0: Foul Ball, location: 2F 0-1: Ball 1-1: Called Strike 1-2: Strikes out swinging
|
Batting: LHB Jeffrey Bascombe
|
0-0: Ball Wild Pitch! Jeffrey Satterley to second 1-0: Ball 2-0: Called Strike 2-1: Foul Ball, location: 2F 2-2: Foul Ball, location: 2F 2-2: Foul Ball, location: 2F 2-2: Strikes out swinging
|
Bottom of the 3rd over - 0 run(s), 1 hit(s), 0 error(s), 1 left on base; Albuquerque 0 - Santa Monica 2 |
TOP OF THE 4TH |
Albuquerque Isotopes batting - Pitching for Santa Monica Bruins : RHP Rafael Blanco
|
Batting: LHB Mark Vestal
|
0-0: Ball 1-0: Ground out 4-3 (Groundball, 4)
|
Batting: LHB Bernardo Montés
|
0-0: Called Strike 0-1: Ball 1-1: Foul Ball, location: 2F 1-2: Ball 2-2: Ball 3-2: Fly out, F7 (Flyball, 78S)
|
Batting: RHB Arturo García
|
0-0: Called Strike 0-1: Ground out 5-3 (Groundball, 56)
|
Top of the 4th over - 0 run(s), 0 hit(s), 0 error(s), 0 left on base; Albuquerque 0 - Santa Monica 2 |
BOTTOM OF THE 4TH |
Santa Monica Bruins batting - Pitching for Albuquerque Isotopes : RHP Mark Sanders
|
Batting: RHB Luis Martínez
|
0-0: Foul Ball, location: 2F 0-1: Ground out 6-3 (Groundball, 6)
|
Batting: LHB Noriaki Sangi
|
0-0: Ball 1-0: Ground out 1-3 (Groundball, 13)
|
Batting: RHB Griswold Coleman
|
0-0: Ball 1-0: Ball 2-0: Called Strike 2-1: Ball 3-1: Base on Balls
|
Batting: LHB Francisco Marino
|
0-0: Ball 1-0: Ball 2-0: Foul Ball, location: 2F 2-1: Ground out 4-3 (Groundball, 4)
|
Bottom of the 4th over - 0 run(s), 0 hit(s), 0 error(s), 1 left on base; Albuquerque 0 - Santa Monica 2 |
TOP OF THE 5TH |
Albuquerque Isotopes batting - Pitching for Santa Monica Bruins : RHP Rafael Blanco
|
Batting: RHB Juan Alberto
|
0-0: Called Strike 0-1: Ball 1-1: Fly out, F8 (Flyball, 8LS)
|
Batting: LHB Fernando Ortíz
|
0-0: Ball 1-0: DOUBLE (Line Drive, 8LD)
|
Batting: RHB Luis Martínez
|
0-0: Fly out, F7 (Flyball, 78D)
|
Batting: LHB António De Los Ángeles
|
0-0: Ground out U3 (Groundball, 3)
|
Top of the 5th over - 0 run(s), 1 hit(s), 0 error(s), 1 left on base; Albuquerque 0 - Santa Monica 2 |
BOTTOM OF THE 5TH |
Santa Monica Bruins batting - Pitching for Albuquerque Isotopes : RHP Mark Sanders
|
Batting: RHB Justin Burgess
|
0-0: Called Strike 0-1: Swinging Strike 0-2: Ball 1-2: Strikes out swinging
|
Batting: LHB Jeffrey Satterley
|
0-0: Called Strike 0-1: Ball 1-1: Foul Ball, location: 2F 1-2: Strikes out swinging
|
Batting: LHB Patrick Osborne
|
0-0: Foul Ball, location: 2F 0-1: Ball 1-1: Ball 2-1: Ball 3-1: Called Strike 3-2: TRIPLE (Flyball, 9LM)
|
Batting: LHB Ray Bryant
|
0-0: Called Strike 0-1: DOUBLE (Line Drive, 5D) Patrick Osborne scores
|
Batting: LHB Jeffrey Bascombe
|
0-0: Called Strike 0-1: Foul Ball, location: 2F 0-2: Ball 1-2: Ball 2-2: Foul Ball, location: 2F 2-2: DOUBLE (Line Drive, 9LM) Ray Bryant scores
|
Batting: RHB Luis Martínez
|
0-0: Ball 1-0: Ball 2-0: Ball 3-0: Called Strike 3-1: Called Strike 3-2: Base on Balls
|
Pitching: RHP Rafael Trujillo
|
|
Batting: LHB Noriaki Sangi
|
0-0: Ball 1-0: Called Strike 1-1: Ball 2-1: Foul Ball, location: 2F 2-2: Ball 3-2: Base on Balls Jeffrey Bascombe to third Luis Martínez to second
|
Batting: RHB Griswold Coleman
|
0-0: Ball 1-0: Ball 2-0: Ball 3-0: Base on Balls Jeffrey Bascombe scores Luis Martínez to third Noriaki Sangi to second
|
Batting: LHB Francisco Marino
|
0-0: Foul Ball, location: 2F 0-1: SINGLE (Groundball, 34D) Luis Martínez scores Noriaki Sangi to third Griswold Coleman to second Runner from 3rd tries for Home, SAFE, throw made home Griswold Coleman to third Francisco Marino to second
|
Batting: RHB Justin Burgess
|
0-0: Ball 1-0: Fly out, F9 (Flyball, 89M)
|
Bottom of the 5th over - 5 run(s), 4 hit(s), 0 error(s), 2 left on base; Albuquerque 0 - Santa Monica 7 |
TOP OF THE 6TH |
Albuquerque Isotopes batting - Pitching for Santa Monica Bruins : RHP Rafael Blanco
|
Batting: RHB Alfonso Huertas
|
0-0: Foul Ball, location: 2F 0-1: SINGLE (Line Drive, 56D)
|
Batting: RHB Juan Vareas
|
0-0: Called Strike 0-1: Ball 1-1: Fly out, F8 (Popup, 8LS)
|
Batting: LHB Mark Vestal
|
0-0: Called Strike 0-1: Ball 1-1: Fly out, F9 (Flyball, 89S)
|
Batting: LHB Bernardo Montés
|
0-0: Ball 1-0: Ball 2-0: SINGLE (Groundball, 6MD) Alfonso Huertas to second Runner from 2nd tries for 3rd, OUT after rundown.
|
Top of the 6th over - 0 run(s), 2 hit(s), 0 error(s), 1 left on base; Albuquerque 0 - Santa Monica 7 |
BOTTOM OF THE 6TH |
Santa Monica Bruins batting - Pitching for Albuquerque Isotopes : RHP Rafael Trujillo
|
Batting: LHB Jeffrey Satterley
|
0-0: Ball 1-0: Foul Ball, location: 2F 1-1: Ball 2-1: Ball 3-1: Base on Balls
|
Batting: LHB Patrick Osborne
|
0-0: Ball 1-0: SINGLE (Line Drive, 9LM) Jeffrey Satterley to second
|
Batting: LHB Ray Bryant
|
0-0: Ball 1-0: Swinging Strike 1-1: Foul Ball, location: 2F 1-2: Strikes out looking
|
Batting: LHB Jeffrey Bascombe
|
0-0: Ball 1-0: Swinging Strike 1-1: Called Strike 1-2: SINGLE (Flyball, 7LS) Jeffrey Satterley to third Patrick Osborne to second Runner from 3rd tries for Home, SAFE, throw made home
|
Batting: RHB Luis Martínez
|
0-0: Ball 1-0: Ground out 5-3 (Groundball, 56S) Patrick Osborne to third Jeffrey Bascombe to second
|
Batting: LHB Noriaki Sangi
|
0-0: Ball 1-0: Foul Ball, location: 2F 1-1: SINGLE (Groundball, 34D) Patrick Osborne scores Jeffrey Bascombe to third
|
Batting: RHB Griswold Coleman
|
0-0: Ball 1-0: Ball 2-0: Ball 3-0: Base on Balls Noriaki Sangi to second
|
Batting: LHB Francisco Marino
|
0-0: Ball 1-0: Foul Ball, location: 2F 1-1: Ground out 4-3 (Groundball, 4)
|
Bottom of the 6th over - 2 run(s), 3 hit(s), 0 error(s), 3 left on base; Albuquerque 0 - Santa Monica 9 |
TOP OF THE 7TH |
Albuquerque Isotopes batting - Pitching for Santa Monica Bruins : RHP Rafael Blanco
|
Batting: RHB Arturo García
|
0-0: Ground out 3-1 (Groundball, 34)
|
Batting: RHB Juan Alberto
|
0-0: Called Strike 0-1: Ground out 5-3 (Groundball, 56S)
|
Batting: LHB Fernando Ortíz
|
0-0: Called Strike 0-1: Ball 1-1: Ball 2-1: Called Strike 2-2: Ball 3-2: SINGLE (Groundball, 4MD)
|
Pitching: RHP Derrick Baird
|
|
Batting: RHB Luis Martínez
|
0-0: Foul Ball, location: 2F 0-1: Ground out 4-3 (Groundball, 13)
|
Top of the 7th over - 0 run(s), 1 hit(s), 0 error(s), 1 left on base; Albuquerque 0 - Santa Monica 9 |
BOTTOM OF THE 7TH |
Santa Monica Bruins batting - Pitching for Albuquerque Isotopes : RHP Rafael Trujillo
|
Batting: RHB Justin Burgess
|
0-0: Ball 1-0: Swinging Strike 1-1: Ball 2-1: Foul Ball, location: 2F 2-2: Foul Ball, location: 2F 2-2: Strikes out swinging
|
Pitching: RHP Unissa Hondo
|
|
Batting: LHB Jeffrey Satterley
|
0-0: SINGLE (Groundball, 4MD)
|
Batting: LHB Patrick Osborne
|
0-0: Called Strike 0-1: Ball 1-1: Fly out, F9 (Flyball, 9LS)
|
Batting: LHB Ray Bryant
|
0-0: Ball 1-0: Called Strike 1-1: Called Strike 1-2: SINGLE (Flyball, 8LS) Jeffrey Satterley to second
|
Batting: LHB Jeffrey Bascombe
|
0-0: Foul Ball, location: 2F 0-1: Foul Ball, location: 2F 0-2: Ball 1-2: Foul Ball, location: 2F 1-2: Ball 2-2: Foul Ball, location: 2F 2-2: Foul Ball, location: 2F 2-2: Strikes out swinging
|
Bottom of the 7th over - 0 run(s), 2 hit(s), 0 error(s), 2 left on base; Albuquerque 0 - Santa Monica 9 |
TOP OF THE 8TH |
Albuquerque Isotopes batting - Pitching for Santa Monica Bruins : RHP Derrick Baird
|
Now at C: Pablo Peña
|
|
Batting: LHB António De Los Ángeles
|
0-0: Called Strike 0-1: Ball 1-1: Called Strike 1-2: Foul Ball, location: 2F 1-2: Ground out U3 (Groundball, 3)
|
Batting: RHB Alfonso Huertas
|
0-0: Called Strike 0-1: Swinging Strike 0-2: Strikes out swinging
|
Pinch Hitting: RHB Cristián Herrera
|
0-0: Ground out 6-3 (Groundball, 6MS)
|
Top of the 8th over - 0 run(s), 0 hit(s), 0 error(s), 0 left on base; Albuquerque 0 - Santa Monica 9 |
BOTTOM OF THE 8TH |
Santa Monica Bruins batting - Pitching for Albuquerque Isotopes : RHP Unissa Hondo
|
Now at 1B: Cristián Herrera
|
|
Batting: RHB Luis Martínez
|
0-0: Swinging Strike 0-1: Swinging Strike 0-2: Strikes out swinging
|
Batting: LHB Noriaki Sangi
|
0-0: Ball 1-0: Called Strike 1-1: Foul Ball, location: 2F 1-2: Ball 2-2: Fly out, F5 (Popup, 5F)
|
Batting: RHB Griswold Coleman
|
0-0: Swinging Strike 0-1: Ball 1-1: Swinging Strike 1-2: Foul Ball, location: 2F 1-2: DOUBLE (Groundball, 5L)
|
Batting: LHB Francisco Marino
|
0-0: Ground out 6-3 (Groundball, 6)
|
Bottom of the 8th over - 0 run(s), 1 hit(s), 0 error(s), 1 left on base; Albuquerque 0 - Santa Monica 9 |
TOP OF THE 9TH |
Albuquerque Isotopes batting - Pitching for Santa Monica Bruins : RHP Derrick Baird
|
Batting: LHB Mark Vestal
|
0-0: Ball 1-0: Foul Ball, location: 2F 1-1: Swinging Strike 1-2: SINGLE (Groundball, 4)
|
Batting: LHB Bernardo Montés
|
0-0: Swinging Strike 0-1: Ball Wild Pitch! Mark Vestal to second 1-1: Foul Ball, location: 2F 1-2: Ball 2-2: Fly out, F7 (Line Drive, 7M)
|
Batting: RHB Arturo García
|
0-0: Called Strike 0-1: Ball 1-1: Called Strike 1-2: Strikes out looking
|
Batting: RHB Juan Alberto
|
0-0: Called Strike 0-1: Ball 1-1: Ground out 5-3 (Groundball, 5L)
|
Top of the 9th over - 0 run(s), 1 hit(s), 0 error(s), 1 left on base; Albuquerque 0 - Santa Monica 9 |
|